 Dungeon Crawl Stone Soup version 0.29.1-15-g9cfb28693d (webtiles) character file.

Game seed: 695571902645491291

3290 bosijew the Conjurer (level 9, 0/62 HPs)
             Began as a White Draconian Fire Elementalist on Mar 7, 2023.
             Was a Follower of Sif Muna.
             Succumbed to a killer bee's poison
             ... on level 8 of the Dungeon on Mar 8, 2023.
             The game lasted 00:40:32 (10776 turns).

bosijew the Conjurer (DrFE)                        Turns: 10776, Time: 00:40:32

Health: 0/62       AC:  7    Str: 10    XL:     9   Next: 69%
Magic:  3/19       EV: 12    Int: 20    God:    Sif Muna [*.....]
Gold:   628        SH:  0    Dex: 12    Spells: 11/21 levels left

rFire   . . .      SeeInvis .   (no weapon)
rCold   + + .      Faith    .   (no shield)
rNeg    . . .      Spirit   .   (body armour unavailable)
rPois   .          Reflect  .   (helmet restricted)
rElec   .          Harm     .   (no cloak)
rCorr   .          Rampage  .   (no gloves)
Will    .....                   (no boots)
Stlth   ++........              (no amulet)
HPRegen 0.20/turn               h - ring of protection from cold
MPRegen 0.16/turn               (no ring)

@: lethally poisoned (0 -> -6)
A: breathe frost, AC +7, unfitting armour, cold resistance 1, cold-blooded
a: Breathe Frost, Renounce Religion, Channel Magic


You were on level 8 of the Dungeon.
You worshipped Sif Muna.
Sif Muna was aware of your devotion.
You visited 2 branches of the dungeon, and saw 10 of its levels.

You collected 628 gold pieces.

Inventory:

Missiles
 f - 3 atropa-tipped darts
Armour
 e - an orb of light
 p - an orb of energy
Jewellery
 c - a +6 ring of strength
 h - a ring of protection from cold (left hand)
 k - an amulet of faith
 s - an amulet of the acrobat
Wands
 o - a wand of flame (7) (quivered)
Scrolls
 d - 2 scrolls of amnesia
 i - 5 scrolls of identify
 m - 2 scrolls of vulnerability
 r - a scroll of blinking
 u - a scroll of teleportation
Potions
 a - a potion of degeneration
 b - a potion of resistance
 j - a potion of ambrosia
 l - a potion of mutation
 n - 2 potions of flight
 q - a potion of lignification
 t - a potion of brilliance {unknown}


   Skills:
 - Level 1.7 Dodging
 - Level 1.7 Stealth
 + Level 6.9 Spellcasting
 + Level 7.2 Conjurations
 - Level 4.4 Fire Magic
 + Level 6.6 Ice Magic
 + Level 5.4 Earth Magic


You had 11 spell levels left.
You knew the following spells:

 Your Spells              Type           Power      Damage    Failure   Level
a - Foxfire               Conj/Fire      100%       2x1d9     1%          1
b - Scorch                Fire           48%        2d7       2%          2
c - Stone Arrow           Conj/Erth      64%        3d11      1%          3
d - Hailstorm             Conj/Ice       34%        3d9       5%          4

Your spell library contained the following spells:

 Spells                   Type           Power      Damage    Failure   Level
 Freeze                   Ice            100%       1d11      1%          1
 Sandblast                Erth           56%        2d13      1%          1
 Frozen Ramparts          Ice            66%        1d10      1%          3
 Conjure Flame            Conj/Fire      30%        6-21      2%          3
 Passwall                 Tmut/Erth      14%        N/A       4%          2
 Flame Wave               Conj/Fire      30%        2d9       9%          4
 Inner Flame              Hex/Fire       15%        N/A       12%         3
 Sublimation of Blood     Necr           6%         N/A       14%         2
 Wereblood                Tmut           6%         N/A       14%         2
 Summon Hydra             Summ           3%         N/A       100%        7


Dungeon Overview and Level Annotations

Branches:
Dungeon (9/15)             Temple (1/1) D:4
   Lair: D:8-11         Orc: D:9-12

Altars:
Ashenzari
Cheibriados
Dithmenos
Elyvilon
Fedhas
Gozag
Hepliaklqana
Kikubaaqudgha
Makhleb
Nemelex Xobeh
Okawaru
Ru
Sif Muna
Trog
Uskayaw
Wu Jian
Yredelemnul
Zin
The Shining One

Shops:
D:1 *   D:4 [   D:5 ?


Innate Abilities, Weirdness & Mutations

You can breathe waves of freezing cold which knock back foes.
Your icy white scales are hard. (AC +7)
You cannot fit into any form of body armour.
Your flesh is cold resistant. (rC+)
You are cold-blooded and may be slowed by cold attacks.


Message History

* * * LOW HITPOINT WARNING * * *
The killer bee stings you.
* * * LOW HITPOINT WARNING * * *
You are more poisoned.
The killer bee poisons you!
You feel better.
The killer bee stings you but does no damage.
The killer bee stings you.
* * * LOW HITPOINT WARNING * * *
The killer bee closely misses you. The killer bee stings you.
* * * LOW HITPOINT WARNING * * *
You miss the killer bee.
The killer bee is almost dead.
The killer bee stings you.
* * * LOW HITPOINT WARNING * * *
You are lethally poisoned!
The killer bee poisons you! The killer bee stings you.
* * * LOW HITPOINT WARNING * * *
The killer bee barely misses you. The killer bee stings you.
* * * LOW HITPOINT WARNING * * *
You are more poisoned.
The killer bee poisons you!
Unknown command.
Unknown command.
You feel better. The killer bee barely misses you. The killer bee stings you!
* * * LOW HITPOINT WARNING * * *
You are lethally poisoned!
The killer bee poisons you!
The killer bee stings you but does no damage.
The killer bee closely misses you.
Unknown command.
Unknown command.
Blink to where?
Press: ? - help, Dir - move target
As you read the scroll of blinking, it crumbles to dust.
* * * LOW HITPOINT WARNING * * *
You feel very sick.
* * * LOW HITPOINT WARNING * * *
You feel sick.
You die...

...#####.###..#.#................
...#............#.#######......##
...#.......................[.....
####.#.###.##############......##
...................... +......##
####.#.####..#.#.# #......##
.#...#.# #...#.# #.#######
.....#.#######...### #.##.....
.#.......#.....#@..### #..).####
...###.###.#####.#.y.# ##..### #
)......# #† #.###y###...# #
.#.##### .y #.# #.##...## # ...#
#.. #.# #....#.# ####### #.. #.#
##..##.# ....... '.. #.# ##§...#
.##### #.. #.# ###### .)...# #.#


You could see 2 killer bees.

Vanquished Creatures
  Grinder (D:3)
  A steam dragon (D:7)
  Edmund (D:4)
  An acid dragon (D:8)
  Duvessa (D:6)
  A water moccasin (D:8)
  An orc warrior (D:7)
  2 ice beasts
  2 sky beasts (D:7)
  5 centaurs
  An ogre (D:4)
  A phantom (D:6)
  2 bullfrogs (D:8)
  3 scorpions
  Dowan (D:6)
  9 killer bees
  A jelly (D:8)
  2 howler monkeys
  A gnoll bouda (D:9)
  3 hounds
  2 orc priests
  3 iron imps (D:4)
  5 orc wizards
  Natasha (thrice) (D:4)
  6 adders
  5 gnolls
  2 worms
  A dart slug (D:2)
  25 orcs
  7 ball pythons
  5 bats
  11 endoplasms
  3 giant cockroaches
  3 hobgoblins
  3 kobolds
  3 quokkas
  3 goblins
  9 rats
139 creatures vanquished.

Vanquished Creatures (collateral kills)
  A foxfire (D:1)
1 creature vanquished.

Vanquished Creatures (others)
  48 foxfires
48 creatures vanquished.

Grand Total: 188 creatures vanquished

Notes
Turn   | Place    | Note
-------+----------+-------------------------------------------
     0 | D:1      | bosijew the Draconian Fire Elementalist began the quest for
                  | the Orb.
     0 | D:1      | Reached XP level 1. HP: 14/14 MP: 3/3
    32 | D:1      | Found a faded altar of an unknown god.
   524 | D:1      | Reached XP level 2. HP: 18/20 MP: 1/5
   765 | D:1      | Learned a level 2 spell: Scorch
  1141 | D:1      | Found Juppiqom's Assorted Antiques.
  1351 | D:1      | Reached XP level 3. HP: 26/26 MP: 3/6
  1643 | D:2      | Reached skill level 2 in Conjurations
  2846 | D:3      | Reached XP level 4. HP: 33/33 MP: 0/8
  3342 | D:3      | Noticed Grinder
  3343 | D:3      | Paralysed by Grinder for 2 turns
  3359 | D:3      | Paralysed by Grinder for 4 turns
  3374 | D:3      | Killed Grinder
  3375 | D:3      | Reached skill level 3 in Conjurations
  3375 | D:3      | Reached XP level 5. HP: 26/38 MP: 1/10
  3375 | D:3      | Reached XP level 6. HP: 31/45 MP: 1/11
  3639 | D:4      | Noticed an ice beast
  3647 | D:4      | Killed an ice beast
  3877 | D:4      | Found Zeus's Dragon-Slaying Spoils.
  3943 | D:4      | Noticed Natasha
  3948 | D:4      | Reached skill level 4 in Conjurations
  3948 | D:4      | Reached skill level 5 in Fire Magic
  3964 | D:4      | Killed Natasha
  4060 | D:4      | Noticed Natasha
  4077 | D:4      | Killed Natasha
  4078 | D:4      | Your scales start taking on an icy white colour.
  4078 | D:4      | Reached XP level 7. HP: 43/50 MP: 8/13
  4078 | D:4      | Gained mutation: Your flesh is cold resistant. (rC+) [White
                  | Draconian growth]
  4083 | D:4      | Learned a level 3 spell: Stone Arrow
  4094 | D:4      | Noticed Natasha
  4226 | D:4      | Killed Natasha
  4408 | D:4      | Learned a level 4 spell: Hailstorm
  4522 | D:4      | Found a staircase to the Ecumenical Temple.
  4528 | D:4      | Noticed Edmund
  4547 | D:4      | Killed Edmund
  4548 | D:4      | Reached skill level 1 in Ice Magic
  4548 | D:4      | Reached skill level 1 in Earth Magic
  4645 | Temple   | Entered the Ecumenical Temple
  4717 | Temple   | Became a worshipper of Sif Muna the Loreminder
  5077 | D:4      | Found a burning altar of Makhleb.
  5397 | D:5      | Entered Level 5 of the Dungeon
  5502 | D:5      | Found a glowing golden altar of the Shining One.
  5589 | D:5      | Reached skill level 5 in Conjurations
  5720 | D:5      | Found an opulent altar of Gozag.
  5826 | D:5      | Reached skill level 5 in Spellcasting
  5942 | D:5      | Found Enitex's Magic Scroll Shop.
  6181 | D:5      | Reached XP level 8. HP: 57/57 MP: 8/15
  7138 | D:6      | Noticed Dowan
  7140 | D:6      | Noticed Duvessa
  7146 | D:6      | Killed Duvessa
  7149 | D:6      | Killed Dowan
  7596 | D:5      | HP: 2/57 [gnoll/+0 whip[a gnoll bouda] (6)]
  8640 | D:6      | Reached skill level 6 in Conjurations
  9313 | D:7      | Reached skill level 5 in Ice Magic
  9313 | D:7      | Reached XP level 9. HP: 48/62 MP: 10/18
  9429 | D:7      | Found an ornate altar of the Wu Jian Council.
  9461 | D:7      | Found a white marble altar of Elyvilon.
  9485 | D:7      | Found a shadowy altar of Dithmenos.
  9491 | D:7      | Reached * piety under Sif Muna
  9591 | D:7      | Found a hide-covered altar of Uskayaw.
 10191 | D:8      | Reached skill level 5 in Earth Magic
 10257 | D:8      | Found a blossoming altar of Fedhas.
 10529 | D:8      | Reached skill level 7 in Conjurations
 10774 | D:8      | HP: 3/62 [poisoned by a killer bee]
 10775 | D:8      | HP: 1/62 [poisoned by a killer bee]
 10776 | D:8      | Succumbed to a killer bee's poison

Illustrated notes

Levels and vault maps discovered:
D:1:      giann_bridges, layout_basic, serial_shops,
          nicolae_shop_hallway_stairs, nicolae_ecumenical_snake_handling
D:2:      layout_loops_ring
D:3:      minmay_wonky_spiral, layout_loops_ring, uniq_grinder
D:4:      layout_basic, demons_altar, minmay_temple_entry_glassed_door,
          nicolae_shop_dragon_depot, corexii_shack, uniq_edmund, uniq_natasha
D:5:      layout_loops_corners, amcnicky_altar_gilded,
          mainiacjoe_overflow_tiny_flanked, serial_shops, nicolae_shop_stone,
          dreamdust_wishing_well
D:6:      layout_basic, uniq_duvessa
D:7:      layout_basic, nicolae_overflow_quartered_altars
D:8:      layout_basic, mainiacjoe_overflow_six_doors_small,
          nicolae_vehumet_altar_sigil, grunt_decor_resistance
D:9:      layout_stronghold, tgw_xom, hiddenorc2_lemuel, uniq_harold, uniq_erica
Temple:   hellmonk_temple_of_storms

Skill      XL: |  1  2  3  4  5  6  7  8  9 |
---------------+----------------------------+-----
Conjurations   | 2 3 4 5 6 7 |  7.2
Spellcasting   | 3 4 5 6 |  6.9
Fire Magic     | 4 4 |  4.4
Ice Magic      | 2 5 6 |  6.6
Earth Magic    | 2 4 5 |  5.4
Dodging        | |  1.7
Stealth        | |  1.7

Action                   |  1- 3 |  4- 6 |  7- 9 || total
-------------------------+-------+-------+-------++-------
Melee: Unarmed           |    48 |    20 |    27 ||    95
       Tailslap          |    11 |     5 |     5 ||    21
Throw: Dart              |     2 |     2 |     3 ||     7
 Cast: Foxfire           |    31 |     2 |     3 ||    36
       Scorch            |    32 |    30 |    39 ||   101
       Stone Arrow       |       |       |    97 ||    97
       Hailstorm         |       |       |    14 ||    14
Evoke: Wand              |       |       |    18 ||    18
  Use: Scroll            |     7 |       |    12 ||    19
       Potion            |       |     2 |     8 ||    10
Armor: Skin              |    22 |    16 |    53 ||    91
Dodge: Dodged            |    60 |    23 |    95 ||   178
